Map: Blackpink LE

Players

Solar - Winner!

  • Race: Zerg Zerg
  • Spawn Location: 7:00

LiquidSnute (Snute)

  • Race: Zerg Zerg
  • League: Master
  • Spawn Location: 1:00

Event: HomeStory Cup XVI

VOD

Have the link to the VOD?

Description

Time

  • Played on: Nov. 12, 2017, 1:27 p.m.
  • Length: 17:12

All games in this series

Show
View Real Time Build Order
Export as new Build Order

Solar Zerg - Winner!

Build Orders: Hatch First 

Get SALT Encoding   

  12  0:00  Drone  
  13  0:12  Overlord  
  13  0:17  Drone  
  14  0:30  Drone x2  
  14  0:35  Drone  
  17  0:52  Hatchery  
  17  0:55  Drone  
  17  0:58  Drone  
  17  1:02  Extractor  
  17  1:13  Spawning Pool  
  17  1:15  Drone  
  17  1:19  Drone  
  18  1:28  Drone  
  19  1:38  Overlord  
  19  1:59  Queen, Drone  
  19  2:00  Zergling x2  
  23  2:03  Queen  
  23  2:04  Zergling x2  
  23  2:05  Metabolic Boost  
  26  2:12  Drone  
  26  2:14  Drone  
  28  2:21  Drone  
  29  2:33  Hatchery  
  29  2:35  Drone  
  29  2:37  Drone  
  29  2:42  Drone  
  31  2:49  Baneling Nest  
  31  2:51  Drone  
  31  2:52  Drone  
  31  2:54  Zergling x2  
  33  2:59  Overlord  
  33  3:04  Drone  
  34  3:08  Drone  
  34  3:12  Drone  
  36  3:18  Drone x2, Zergling x2  
  36  3:19  Zergling x4  
  41  3:22  Zergling x2  
  42  3:28  Overlord  
  42  3:31  Zergling x2  
  42  3:38  Drone  
  42  3:40  Baneling x2  
  42  3:41  Drone  
  44  3:45  Queen  
  44  3:47  Drone  
  44  3:48  Drone x2  
  49  3:50  Drone  
  49  3:51  Baneling  
  49  3:52  Drone  
  49  3:53  Drone  
  49  3:54  Drone  
  53  3:57  Overlord  
  53  4:00  Drone  
  54  4:05  Evolution Chamber  
  54  4:06  Drone x2  
  54  4:08  Drone  
  56  4:10  Drone  
  56  4:13  Overlord  
  57  4:17  Drone  
  57  4:18  Drone  
  57  4:20  Overlord  
  60  4:24  Drone x2  
  60  4:25  Extractor  
  60  4:29  Drone  
  60  4:30  Roach Warren  
  60  4:38  Zergling x4  
  61  4:39  Overlord  
  61  4:42  Zerg Missile Weapons Level 1  
  61  4:44  Extractor, Overlord  
  59  4:48  Drone  
  60  4:54  Overlord  
  60  4:56  Lair  
  60  4:59  Drone x2  
  61  5:01  Overlord  
  61  5:06  Drone  
  61  5:07  Drone  
  63  5:10  Roach x6  
  63  5:12  Roach  
  76  5:14  Extractor  
  76  5:15  Roach  
  76  5:19  Drone x2  
  79  5:23  Drone x3  
  79  5:24  Extractor  
  79  5:27  Drone x4  
  85  5:31  Drone x2  
  85  5:33  Drone  
  90  5:35  Drone x2  
  90  5:37  Drone  
  90  5:38  Drone  
  92  5:50  Overlord  
  92  5:52  Overlord  
  92  5:55  Roach x5  
  101  5:58  Glial Reconstitution  
  101  5:59  Overlord  
  101  6:03  Roach x3  
  107  6:06  Overlord  
  107  6:08  Overseer  
  107  6:12  Pneumatized Carapace  
  107  6:14  Overlord  
  107  6:15  Roach x3  
  112  6:23  Roach  
  112  6:24  Roach x4  
  112  6:25  Roach  
  124  6:34  Overlord  
  124  6:36  Zerg Missile Weapons Level 2  
  126  6:40  Roach x2  
  126  6:42  Hatchery  
  126  6:43  Roach x2  
  126  6:44  Overlord  
  131  6:48  Roach x2  
  131  6:54  Roach x3  
  141  6:55  Roach  
  141  6:56  Roach  
  145  7:02  Overlord  
  145  7:03  Roach x3  
  150  7:09  Roach x2  
  150  7:10  Roach  
  150  7:13  Roach x2  
  150  7:14  Roach  
  162  7:16  Roach  
  162  7:20  Roach x3  
  170  7:24  Overlord  
  170  7:29  Roach  
  172  7:32  Roach x3  
  172  7:34  Overlord x2  
  172  7:36  Overlord  
  178  7:39  Overlord  
  178  7:40  Overlord  
  178  7:46  Roach x4  
  178  7:49  Ravager, Overlord  
  184  7:53  Roach x2  
  184  7:56  Roach  
  175  8:00  Roach x2  
  147  8:06  Roach  
  147  8:07  Roach x5  
  147  8:08  Roach  
  147  8:10  Ravager x3  
  150  8:15  Roach x3  
  150  8:17  Roach  
  156  8:20  Roach x2  
  156  8:26  Extractor  
  155  8:27  Ravager  
  155  8:28  Roach x2  
  155  8:32  Roach  
  164  8:34  Roach  
  164  8:40  Roach x4  
  172  8:42  Roach  
  172  8:43  Roach  
  172  8:46  Roach  
  178  8:50  Roach x3  
  178  8:52  Roach  
  178  8:55  Roach  
  164  8:56  Roach  
  164  8:58  Roach  
  164  9:00  Roach  
  146  9:05  Roach  
  146  9:08  Roach  
  131  9:10  Queen  
  131  9:11  Roach  
  130  9:21  Roach x2  
  130  9:22  Ravager x2  
  136  9:25  Ravager  
  136  9:27  Roach  
  136  9:30  Roach x2  
  143  9:32  Hatchery  
  143  9:36  Roach x2  
  145  9:38  Ravager  
  145  9:41  Roach  
  147  9:46  Roach  
  147  9:50  Burrow  
  147  9:51  Roach  
  151  9:55  Roach  
  153  10:00  Tunneling Claws  
  153  10:01  Roach  
  153  10:03  Roach  
  153  10:04  Roach  
  153  10:05  Roach  
  161  10:08  Roach  
  161  10:10  Roach x2  
  171  10:14  Roach x2  
  171  10:15  Roach  
  171  10:20  Roach x3  
  179  10:23  Roach x2  
  179  10:28  Roach x2  
  187  10:32  Ravager  
  187  10:33  Roach x2  
  187  10:35  Roach  
  194  10:37  Overseer  
  194  10:39  Roach  
  196  10:45  Roach x2  
  200  11:08  Spine Crawler, Ravager  
  200  11:19  Roach x2  
  200  11:20  Roach x2  
  200  11:29  Roach  
  200  11:30  Roach x2  
  200  11:31  Roach  
  200  11:39  Roach x5  
  191  11:40  Roach x11  
  191  11:45  Roach  
  191  11:46  Roach x2  
  199  11:50  Roach x2, Ravager  
  199  11:52  Roach x4  
  200  11:56  Roach x5  
  200  12:07  Zerg Ground Armor Level 1  
  196  12:08  Roach x2  
  196  12:09  Roach, Spire  
  196  12:10  Roach  
  197  12:16  Roach  
  197  12:17  Hatchery  
  194  12:23  Roach x2  
  194  12:28  Roach x2  
  194  12:29  Roach x5  
  200  12:35  Roach x30  
  200  12:36  Roach x5  
  200  12:37  Roach x4  
  200  12:40  Roach x2  
  198  12:46  Roach x3  
  198  12:47  Roach x2  
  200  12:55  Extractor  
  200  12:56  Queen  
  199  13:03  Extractor  
  199  13:04  Roach x7  
  200  13:07  Roach  
  200  13:08  Roach  
  200  13:10  Roach x4  
  180  13:14  Roach x18  
  180  13:16  Roach x2  
  160  13:24  Mutalisk x7  
  168  13:27  Drone  
  168  13:29  Mutalisk  
  171  13:34  Overseer  
  171  13:35  Overseer  
  171  13:36  Overseer  
  171  13:38  Overseer  
  171  13:39  Drone  
  171  13:41  Mutalisk  
  172  13:45  Spine Crawler  
  172  13:46  Roach  
  172  13:47  Ravager  
  176  13:50  Roach  
  176  13:54  Roach x2  
  176  13:55  Ravager  
  183  13:56  Ravager  
  183  14:01  Roach  
  186  14:05  Roach x2  
  186  14:06  Unknown x5  
  186  14:09  Roach  
  192  14:10  Ravager  
  192  14:11  Ravager  
  194  14:33  Unknown  
  194  14:34  Centrifical Hooks  
  194  14:42  Zergling x12  
  194  14:45  Roach x2  
  200  14:47  Roach  
  180  15:18  Roach x16  
  180  15:19  Roach  
  197  15:22  Roach  
  197  15:25  Roach  
  193  15:31  Roach x2  
  193  15:34  Roach  
  195  15:45  Zergling x2  
  195  15:46  Zergling x8  
  195  15:47  Roach x43  
  200  15:56  Baneling x12  
  200  16:06  Baneling  
  200  16:07  Baneling x9  
  200  16:12  Spine Crawler  
  200  16:13  Drone  
  200  16:16  Unknown x2  
  200  16:17  Unknown  
  200  16:18  Unknown  
  179  16:48  Roach x3  
  179  16:49  Roach x10  
  179  16:50  Roach  
Show
View Real Time Build Order
Export as new Build Order

LiquidSnute Zerg 

Build Orders: Hatch First 

Get SALT Encoding   

  12  0:00  Drone  
  13  0:12  Overlord  
  13  0:17  Drone  
  14  0:30  Drone x2  
  14  0:34  Drone  
  17  0:52  Hatchery  
  17  0:54  Drone  
  17  0:58  Drone  
  17  1:00  Extractor  
  17  1:13  Spawning Pool  
  17  1:16  Drone  
  17  1:20  Drone  
  18  1:28  Drone  
  19  1:38  Overlord  
  19  1:49  Drone  
  20  1:59  Queen  
  20  2:00  Metabolic Boost  
  22  2:03  Queen  
  22  2:04  Drone  
  22  2:07  Drone  
  26  2:11  Drone  
  26  2:14  Drone  
  28  2:22  Drone  
  29  2:26  Zergling x2  
  30  2:32  Zergling x2  
  31  2:38  Hatchery  
  31  2:40  Drone  
  31  2:43  Drone  
  32  2:49  Baneling Nest  
  32  2:50  Drone  
  32  2:54  Zergling x2  
  33  2:59  Zergling x2  
  34  3:06  Overlord  
  34  3:07  Drone x2  
  34  3:11  Overlord  
  36  3:26  Drone x5  
  41  3:27  Zergling x2  
  42  3:34  Baneling  
  42  3:40  Zergling x4  
  43  3:43  Drone x3  
  43  3:45  Queen  
  43  3:47  Overlord  
  48  3:49  Extractor  
  48  3:50  Roach Warren  
  48  3:53  Baneling  
  48  3:55  Baneling  
  46  3:58  Baneling, Drone  
  46  3:59  Drone x2  
  46  4:01  Drone  
  50  4:06  Drone  
  50  4:08  Baneling  
  51  4:14  Overlord  
  51  4:22  Overlord x2  
  51  4:26  Overlord  
  51  4:33  Roach x4  
  51  4:37  Roach  
  51  4:38  Drone x3  
  61  4:40  Drone  
  61  4:42  Drone  
  61  4:44  Drone  
  66  4:45  Evolution Chamber  
  66  4:47  Drone x2  
  66  4:48  Extractor, Drone  
  66  4:49  Drone  
  66  4:50  Drone x2  
  66  4:51  Drone  
  71  4:55  Drone x3  
  71  4:57  Drone  
  75  5:02  Drone  
  75  5:05  Drone x2  
  78  5:07  Extractor  
  78  5:11  Drone  
  78  5:13  Zerg Missile Weapons Level 1  
  78  5:18  Drone x3  
  78  5:19  Drone x2  
  78  5:20  Drone  
  78  5:21  Drone x2  
  86  5:25  Lair  
  86  5:26  Drone  
  86  5:27  Drone  
  88  5:29  Drone  
  88  5:32  Extractor  
  88  5:33  Overlord  
  88  5:36  Roach x2  
  88  5:40  Roach x3  
  98  5:50  Overlord x2  
  98  5:54  Overlord  
  98  5:56  Overlord, Hatchery  
  96  6:00  Roach  
  96  6:01  Roach x2  
  102  6:06  Roach x2  
  102  6:10  Roach x3  
  112  6:15  Roach x3  
  117  6:19  Roach  
  117  6:21  Roach x2  
  117  6:23  Glial Reconstitution  
  117  6:25  Centrifical Hooks  
  123  6:29  Roach  
  123  6:31  Roach  
  123  6:32  Roach  
  129  6:35  Unknown  
  129  6:39  Roach x3  
  134  6:42  Overlord x3  
  134  6:44  Roach  
  136  6:49  Overlord x2  
  136  6:52  Overlord  
  136  6:57  Overlord  
  136  7:00  Queen  
  138  7:01  Roach  
  138  7:02  Roach x3  
  138  7:07  Roach  
  148  7:08  Zerg Missile Weapons Level 2  
  148  7:10  Roach x5  
  158  7:16  Roach x4  
  158  7:21  Roach  
  158  7:22  Roach x3  
  174  7:26  Baneling  
  174  7:27  Zergling x2  
  174  7:28  Zergling x4  
  177  7:39  Roach  
  177  7:40  Roach x6  
  187  7:51  Roach x3  
  187  7:52  Roach  
  187  7:57  Roach  
  187  7:58  Roach  
  175  7:59  Hatchery  
  175  8:02  Roach x2  
  164  8:07  Ravager  
  164  8:09  Ravager  
  164  8:11  Ravager  
  167  8:16  Roach  
  167  8:17  Roach x3  
  172  8:28  Roach x4  
  172  8:30  Roach  
  182  8:39  Roach x4  
  190  8:54  Roach x7  
  143  9:05  Roach x2  
  143  9:09  Roach  
  133  9:10  Roach  
  133  9:12  Roach  
  133  9:15  Roach  
  133  9:16  Queen  
  116  9:20  Roach x2  
  120  9:25  Roach x2, Queen  
  120  9:27  Roach  
  120  9:29  Roach  
  130  9:34  Roach  
  130  9:35  Roach  
  130  9:38  Roach  
  136  9:42  Ravager  
  136  9:45  Overseer  
  137  9:46  Roach x2  
  137  9:47  Roach  
  137  9:51  Roach x4  
  137  9:52  Roach x3  
  157  9:57  Roach x2  
  157  9:58  Roach  
  163  10:07  Overseer  
  163  10:09  Roach x4  
  163  10:14  Roach  
  173  10:18  Roach x6  
  185  10:25  Roach  
  185  10:26  Roach x3  
  194  10:28  Zergling x4  
  194  10:30  Pneumatized Carapace  
  195  10:36  Spine Crawler  
  195  10:37  Spine Crawler  
  195  10:38  Zergling x12  
  199  10:43  Spine Crawler  
  199  10:44  Spine Crawler, Overlord  
  197  10:50  Overlord  
  197  11:03  Zergling x6  
  200  11:12  Baneling  
  200  11:13  Baneling x15  
  200  11:25  Roach  
  200  11:26  Roach  
  200  11:28  Baneling  
  200  11:29  Baneling  
  194  11:39  Roach x12  
  199  11:41  Overseer  
  199  11:45  Spine Crawler, Zergling x2  
  199  11:46  Zergling x4  
  199  11:58  Overseer  
  198  12:04  Drone x2  
  198  12:06  Burrow, Tunneling Claws  
  198  12:07  Zerg Ground Armor Level 1  
  192  12:24  Roach x4  
  190  12:32  Roach  
  190  12:33  Roach x8  
  190  12:42  Roach x4  
  190  12:43  Roach x2  
  186  12:54  Roach x4  
  186  12:55  Roach x3  
  178  13:07  Roach x6  
  149  13:16  Roach x4  
  149  13:19  Roach x41  
  139  13:23  Roach x3  
  145  13:27  Roach  
  145  13:28  Roach x2  
  151  13:34  Roach  
  151  13:35  Roach x2  
  151  13:40  Roach x2  
  161  13:45  Roach x2  
  165  13:53  Roach  
  165  13:54  Roach x3  
  173  13:56  Ravager  
  173  13:59  Roach x3  
  180  14:04  Roach x2  
  180  14:08  Roach  
  180  14:09  Roach  
  190  14:10  Roach  
  190  14:13  Spore Crawler  
  190  14:17  Drone x3  
  190  14:18  Drone  
  190  14:19  Drone  
  194  14:25  Roach x60  
  194  14:27  Spore Crawler  
  194  14:28  Spore Crawler  
  194  14:29  Spore Crawler x2  
  190  14:36  Drone x3  
  190  14:37  Drone  
  190  14:38  Drone x2  
  193  14:48  Spore Crawler  
  199  15:03  Ravager x2  
  149  15:24  Roach x43  
  149  15:28  Roach x5, Hydralisk Den  
  149  15:29  Roach x12  
  169  15:45  Unknown  
  169  15:46  Unknown x3  
  179  15:54  Ravager x2, Overlord x2  
  171  15:59  Muscular Augments, Hydralisk x4  
  179  16:06  Overlord x2  
  179  16:23  Overlord x2  
  179  16:30  Hydralisk x3  
  185  16:35  Overlord, Lurker Den  
  185  16:39  Overlord  
Tags
 
Add a new tag
Caveats
  • Supply blocks, unpowered buildings, or Contaminate may cause inaccurate times.
  • Supply counts are checked every 10 seconds.